 Dungeon Crawl Stone Soup version 0.29.0-13-gc9e81de378 (webtiles) character file.

Game seed: 553704380937231142

322 RascalDebosk the Cudgeller (level 6, -1/59 (61) HPs)
             Began as a Troll Berserker on Sept 9, 2022.
             Was a Believer of Trog.
             Slain by a goblin
             ... wielding a +0 club
             ... led by Robin
              (4 damage)
             ... on level 4 of the Dungeon.
             The game lasted 00:17:58 (2712 turns).

RascalDebosk the Cudgeller (Troll Berserker)        Turns: 2712, Time: 00:17:59

HP:   -1/59 (61)    AC:  8    Str: 28    XL:     6   Next: 22%
MP:   5/5           EV: 10    Int:  5    God:    Trog [**....]
Gold: 142           SH:  0    Dex:  9    Spells: 5/5 levels left

rFire   . . .      SeeInvis .   k - +5 great sword
rCold   . . .      Faith    .   (shield currently unavailable)
rNeg    . . .      Spirit   .   n - +1 robe "Couhun" {Will+ Str+2}
rPois   .          Reflect  .   (helmet restricted)
rElec   .          Harm     .   q - +2 cloak
rCorr   .          Rampage  .   (gloves unavailable)
Will    +....                   (boots unavailable)
Stlth   +.........              (no amulet)
HPRegen 0.99/turn               (no ring)
MPRegen 0.09/turn               (no ring)

@: lightly drained
A: large, unfitting armour, claws 3, regeneration 1, shaggy fur 1, tough skin 1
a: Renounce Religion, Berserk, Trog's Hand


You were on level 4 of the Dungeon.
You worshipped Trog.
Trog was pleased with you.
You visited 1 branch of the dungeon, and saw 4 of its levels.

You collected 142 gold pieces.

Inventory:

Hand Weapons
 a - a +2 mace
 k - a +5 great sword (weapon)
 t - the +10 long sword of the Enemy {freeze, Str+4}
   (You found it on level 3 of the Dungeon)

   It freezes those it strikes, dealing additional cold damage.
   It can also slow down cold-blooded creatures.
   Str:       It affects your strength (+4).
Missiles
 e - 10 poisoned darts (quivered)
 m - 4 javelins
Armour
 n - the +1 robe "Couhun" (worn) {Will+ Str+2}
   (You found it on level 2 of the Dungeon)

   Str:       It affects your strength (+2).
   Will:      It increases your willpower.
 q - a +2 cloak (worn)
Jewellery
 h - an amulet of magic regeneration
Wands
 b - a wand of light (6)
Scrolls
 g - a scroll of immolation
 i - a scroll of teleportation
 j - a scroll of fear {unknown}
 l - 2 scrolls of enchant armour
Potions
 c - 4 potions of heal wounds
 d - a potion of attraction
 f - a potion of berserk rage
 p - a potion of curing
 r - a potion of flight {unknown}
 s - a potion of magic {unknown}
 u - a potion of brilliance {unknown}
 v - 3 potions of invisibility {unknown}


   Skills:
 + Level 3.3 Fighting
 + Level 0.7 Long Blades
 - Level 3.5 Maces & Flails
 + Level 2.3 Throwing
 + Level 3.3 Dodging
 + Level 1.7 Evocations


You had 5 spell levels left.
You didn't know any spells.
Your spell library was empty.

Dungeon Overview and Level Annotations

Branches:
Dungeon (4/15)
 Temple: D:4-7

Altars:
Gozag

Shops:
D:1 (::*:

Annotations:
D:4 Robin


Innate Abilities, Weirdness & Mutations

You are too large for most types of armour.
You have claws for hands.
Your natural rate of healing is unusually fast.
You are covered in fur. (AC +1)
You have tough skin. (AC +1)


Message History

The goblin hits you with a +0 club. The goblin hits you but does no damage.
The goblin barely misses you.
The goblin hits you but does no damage. x2
The goblin hits you with a +0 club. The goblin barely misses you.
Robin roars a battlecry!
The goblins go into a battle-frenzy!
You closely miss the goblin. The goblin hits you with a +0 club.
The goblin closely misses you. Robin throws the goblin at you!
The goblin closely misses you.
The goblin hits you but does no damage. x2
The goblin hits you with a +0 club. x3
You miss the goblin. The goblin closely misses you.
The goblin barely misses you. The goblin completely misses you.
The goblin barely misses you. The goblin hits you with a +0 club. x2
You closely miss the goblin. The goblin closely misses you.
The goblin hits you with a +0 club. x2
* * * LOW HITPOINT WARNING * * *
The goblin hits you with a +0 club.
* * * LOW HITPOINT WARNING * * *
The goblin closely misses you.
The goblin hits you but does no damage. x4
The goblin barely misses you. The goblin hits you but does no damage.
The goblin completely misses you.
You hit the goblin.
You kill the goblin!
Trog accepts your kill. The goblin barely misses you.
The goblin hits you but does no damage. The goblin misses you.
The goblin hits you but does no damage. The goblin closely misses you.
The goblin hits you but does no damage. The goblin barely misses you.
The goblin closely misses you. x2
The goblin hits you with a +0 club.
* * * LOW HITPOINT WARNING * * *
You slash Robin!
Robin is almost dead.
The goblin hits you with a +0 club.
* * * LOW HITPOINT WARNING * * *
The goblin closely misses you. The goblin hits you with a +0 club.
* * * LOW HITPOINT WARNING * * *
The goblin closely misses you. x2
You completely miss Robin.
Robin is almost dead.
The goblin hits you with a +0 club.
You die...

######## ##≈≈.
#......# #≈≈≈
+[.....# ##≈≈
#.g..).#
#≈≈#########..##.'#
##≈≈#..........#
g.#
#..............#
..#
#..ggg.........#
g.#
#..g@g).†......#
..#
#.≈≈#g††....)..#
..#
#.≈≈#########..#
..#
#.#≈≈≈..#...#..#
#.#≈≈≈..'...'..#
#.##≈≈.)#...#####
#..#≈≈..#####...#
##.#≈≈).........#
#.#≈≈≈.........#


You could see Robin and 5 goblins.

Vanquished Creatures
  3 wights (D:4)
  2 jellies (D:4)
  3 adders
  A dart slug (D:1)
  An orc (D:4)
  5 endoplasms
  3 giant cockroaches
  13 goblins
  5 hobgoblins
  3 jackals (D:4)
  5 kobolds
  3 quokkas
  5 ball pythons
  8 bats
  5 frilled lizards
  3 rats (D:1)
68 creatures vanquished.

Notes
Turn   | Place    | Note
-------+----------+-------------------------------------------
     0 | D:1      | RascalDebosk the Troll Berserker began the quest for the
                  | Orb.
     0 | D:1      | Reached XP level 1. HP: 22/22 MP: 0/0
   105 | D:1      | Found Yriadgh's Book Boutique.
   132 | D:1      | Reached XP level 2. HP: 29/29 MP: 1/1
   166 | D:1      | Found Kait's General Store.
   208 | D:1      | Found a faded altar of an unknown god.
   240 | D:1      | Found Mujiong's Book Shoppe.
   289 | D:1      | Found Zualaupi's Antique Weapon Shop.
   353 | D:1      | Found Kuigubb's Book Emporium.
   602 | D:2      | Reached skill level 1 in Throwing
   602 | D:2      | Reached XP level 3. HP: 35/36 MP: 2/2
   715 | D:2      | Identified the +1 robe of the Nexus {rC+ Dex-2 Slay+4}
   860 | D:2      | Identified the +1 robe "Couhun" {Will+ Str+2}
  1005 | D:2      | Reached ** piety under Trog
  1362 | D:3      | Found an opulent altar of Gozag.
  1502 | D:3      | Identified the +10 long sword of the Enemy {freeze, Str+4}
  2184 | D:3      | Reached XP level 4. HP: 44/44 MP: 3/3
  2345 | D:4      | Reached skill level 1 in Evocations
  2396 | D:4      | Reached XP level 5. HP: 36/53 MP: 4/4
  2564 | D:4      | Reached XP level 6. HP: 60/61 MP: 5/5
  2683 | D:4      | Noticed Robin
  2711 | D:4      | HP: 2/59 [goblin/+0 club[Robin] (4)]
  2712 | D:4      | Slain by a goblin

Illustrated notes

Levels and vault maps discovered:
D:1:      minmay_arrival_glassed_features, layout_basic,
          shapermc_ecumenical_altar_venn, serial_shops, shop,
          nicolae_square_shop, shop, shop, nicolae_shop_behind_doors,
          minmay_tromino_v7
D:2:      layout_basic, grunt_ministairs_14, minmay_misc_feat_square
D:3:      layout_basic, old_standard_altar
D:4:      kennysheep_goblin_castle, layout_rooms, serial_glass, glass_columns_b,
          glass_columns_c, kennysheep_generic_room_13

Skill      XL: |  1  2  3  4  5 |
---------------+----------------+-----
Maces & Flails | 3 |  3.5
Throwing       | 1 2 |  2.3
Fighting       | 3 |  3.3
Dodging        | 3 |  3.3
Evocations     | 1 |  1.7
Long Blades    | |  0.7

Action                   |  1- 3 |  4- 6 || total
-------------------------+-------+-------++-------
Melee: Mace              |   149 |    22 ||   171
       Great sword       |       |    37 ||    37
Throw: Dart              |       |     6 ||     6
  Use: Scroll            |       |    13 ||    13
 Stab: Sleeping          |     1 |       ||     1
Armor: Animal skin       |    37 |       ||    37
       Robe              |    33 |    59 ||    92
Dodge: Dodged            |    89 |    69 ||   158
